Map: Zen LE

Players

Tesa

  • Race: Terran Terran
  • League: Diamond
  • Spawn Location: 1:00

LowLinK - Winner!

  • Race: Protoss Protoss
  • League: Diamond
  • Spawn Location: 7:00

VOD

Have the link to the VOD?

Description

Time

  • Played on: Feb. 18, 2020, 1:05 p.m.
  • Length: 8:23
Show
View Real Time Build Order
Export as new Build Order

Tesa Terran 

Build Orders: Liberator Opening, Reaper Expand 

Get SALT Encoding   

  12  0:01  SCV  
  13  0:13  SCV  
  14  0:20  Supply Depot  
  14  0:25  SCV  
  15  0:41  SCV  
  16  0:42  Barracks  
  16  0:46  Refinery  
  16  0:53  SCV  
  17  1:06  SCV  
  18  1:18  SCV  
  19  1:31  Orbital Command  
  19  1:33  Reaper  
  20  1:41  Command Center  
  20  1:53  Bunker  
  20  1:56  SCV  
  20  1:59  Refinery  
  21  2:05  Supply Depot  
  21  2:07  Marine  
  22  2:12  SCV  
  23  2:27  Barracks Reactor, SCV  
  24  2:30  Factory  
  24  2:39  SCV  
  25  2:50  Supply Depot  
  25  2:51  SCV  
  25  2:53  SCV  
  27  3:03  SCV  
  27  3:05  SCV  
  29  3:13  Marine  
  29  3:14  Marine  
  31  3:20  Factory Tech Lab  
  31  3:21  Supply Depot  
  31  3:22  SCV  
  31  3:23  Starport  
  32  3:31  Orbital Command, Marine  
  32  3:33  Marine  
  34  3:43  Siege Tank  
  34  3:48  Bunker  
  36  3:49  Marine  
  36  3:51  Marine  
  38  3:58  Bunker  
  38  4:07  Marine  
  36  4:11  Marine  
  36  4:13  Liberator  
  38  4:18  Siege Tank  
  38  4:19  Orbital Command  
  38  4:22  Bunker  
  35  4:25  Marine  
  35  4:29  Marine  
  18  4:55  SCV  
  17  5:08  SCV  
  17  5:10  Marine  
  19  5:18  Widow Mine  
  17  5:26  SCV  
  17  5:30  Marine x2  
  19  5:48  Widow Mine  
  21  5:55  Marine  
  21  5:56  Marine  
  23  5:57  Supply Depot  
  16  6:13  Marine x2  
  18  6:19  SCV  
  18  6:20  SCV  
  17  6:43  Bunker  
  17  6:45  SCV  
  18  7:08  Bunker  
  18  7:21  Siege Tank  
Show
View Real Time Build Order
Export as new Build Order

LowLinK Protoss - Winner!

Build Orders:  

Get SALT Encoding   

  12  0:01  Probe  
  13  0:13  Probe  
  14  0:18  Pylon  
  14  0:25  Probe  
  15  0:37  Probe (Chrono Boost), Gateway  
  16  0:48  Probe (Chrono Boost), Assimilator  
  17  0:53  Probe (Chrono Boost)  
  17  0:56  Assimilator  
  18  1:03  Probe  
  19  1:16  Probe  
  19  1:18  Pylon  
  20  1:24  Cybernetics Core  
  20  1:30  Probe  
  21  1:42  Probe  
  22  1:54  Warp Gate (Chrono Boost)  
  22  1:55  Probe  
  22  2:00  Pylon  
  23  2:08  Gateway  
  23  2:10  Gateway  
  23  2:12  Gateway  
  23  2:20  Gateway  
  23  2:31  Stalker  
  22  3:28  Stalker  
  22  3:29  Stalker x4  
  32  3:35  Probe  
  33  3:47  Sentry  
  35  3:52  Stalker  
  35  3:53  Stalker  
  35  3:54  Pylon  
  36  4:35  Stalker x4  
  40  4:39  Pylon  
  40  4:40  Probe  
  31  5:13  Stalker x3  
  31  5:44  Stalker x3  
  31  5:45  Stalker  
  31  5:47  Zealot  
  25  6:26  Stalker x3  
  25  6:27  Stalker x2  
  33  6:52  Stalker x3  
  39  6:54  Sentry  
  31  7:37  Stalker  
  31  7:38  Stalker x4  
  37  8:07  Stalker x2  
  37  8:08  Stalker  
  41  8:13  Stalker  
  41  8:14  Zealot  
Tags
 
Add a new tag
Caveats
  • Supply blocks, unpowered buildings, or Contaminate may cause inaccurate times.
  • Supply counts are checked every 10 seconds.